 Dungeon Crawl Stone Soup version 0.21.0-3-g78d12a8 (webtiles) character file.

4473 Faca the Cleaver (level 10, -4/80 HPs)
             Began as a Formicid Fighter on Jan 11, 2018.
             Was a Priest of Cheibriados.
             Slain by a two-headed ogre
             ... wielding a +0 giant club
              (8 damage)
             ... on level 9 of the Dungeon.
             The game lasted 00:18:39 (10015 turns).

Faca the Cleaver (Formicid Fighter)                Turns: 10015, Time: 00:18:40

Health: -4/80      AC: 13    Str: 28    XL:     10   Next: 64%
Magic:  13/13      EV: 10    Int: 13    God:    Cheibriados [***...]
Gold:   450        SH: 14    Dex: 19    Spells: 9/9 levels left

rFire    . . .     SeeInvis +   a - +0 war axe
rCold    . . .     Gourm    .   c - +1 shield
rNeg     . . .     Faith    .   b - +0 scale mail
rPois    .         Spirit   .   (helmet unavailable)
rElec    .         Reflect  .   y - +1 cloak
rCorr    .         Harm     .   v - +0 pair of gloves
MR       +....                  z - +0 pair of boots
Stlth    ..........             (no amulet)
HPRegen  0.23/turn              (no ring)
MPRegen  0.13/turn              (no ring)

@: very slow
A: permanent stasis, dig shafts and tunnels, four strong arms, antennae 3
a: Dig, Shaft Self, Bend Time, Temporal Distortion, Renounce Religion


You were on level 9 of the Dungeon.
You worshipped Cheibriados.
Cheibriados was most pleased with you.
You were not hungry.

You visited 2 branches of the dungeon, and saw 10 of its levels.
You also visited: Sewer.

You collected 450 gold pieces.

Inventory:

Hand Weapons
 a - a +0 war axe (weapon)
 h - a +1 battleaxe
 o - a +0 hunting sling
 r - a +0 fustibalus
Missiles
 s - 233 stones (quivered)
Armour
 b - a +0 scale mail (worn)
 c - a +1 shield (worn)
 q - a +0 plate armour
 v - a +0 pair of gloves (worn)
 y - a +1 cloak (worn)
 z - a +0 pair of boots (worn)
Wands
 w - a wand of digging (16)
 C - a wand of flame (20)
Scrolls
 i - a scroll of fog
 l - a scroll of enchant armour
 m - 2 scrolls of remove curse
 x - a scroll of identify
 A - a scroll of magic mapping
 B - 4 scrolls of fear
Potions
 d - a potion of might
 e - 5 potions of flight
 g - a potion of heal wounds
 j - 9 potions of curing
 k - 3 potions of resistance
 n - 3 potions of lignification
 p - a potion of mutation
 t - 2 potions of magic
 u - 2 potions of cancellation
 D - a potion of ambrosia
Comestibles
 f - 16 rations


   Skills:
 + Level 7.7 Fighting
 * Level 9.2 Axes
 + Level 7.9 Armour
 - Level 0.1 Dodging
 + Level 8.7 Shields
 + Level 4.1 Invocations


You had 9 spell levels left.
You didn't know any spells.

Dungeon Overview and Level Annotations

Branches:
Dungeon (9/15)             Temple (1/1) D:5
   Lair: D:8-11         Orc: D:9-12

Altars:
Cheibriados
Elyvilon
Fedhas
Gozag
Hepliaklqana
Kikubaaqudgha
Makhleb
Nemelex Xobeh
Qazlal
Ru
Sif Muna
Trog
Xom
Yredelemnul
Zin
The Shining One

Shops:
D:5 (

Annotations:
D:5 1 runed door


Innate Abilities, Weirdness & Mutations

You cannot be hasted, slowed, berserked, paralysed or teleported.
You can dig through walls and to a lower floor.
Your four strong arms can wield two-handed weapons with a shield.
You have a pair of large antennae on your head. (SInv)


Message History

You slash the troll!
The two-headed ogre hits you but does no damage.
The two-headed ogre hits you with a giant club!
The troll completely misses you. The troll claws you!
You block the troll's attack.
You slash the two-headed ogre!
The two-headed ogre is heavily wounded.
You hit the troll. The two-headed ogre barely misses you.
You block the two-headed ogre's attack. The troll bites you!
* * * LOW HITPOINT WARNING * * *
The troll claws you.
* * * LOW HITPOINT WARNING * * *
You block the troll's attack.
You slash the two-headed ogre!
The two-headed ogre is almost dead.
You hit the troll but do no damage. The troll bites you!
* * * LOW HITPOINT WARNING * * *
You block the troll's attack. x2; The two-headed ogre closely misses you.
The two-headed ogre hits you with a giant club!
You die...

.............#
.............#
.............#
.^....#......##
....(..........
.<...(.........
...........#
.....(.T...# .
.......O@..#######..
....................
....................
....................
...........<).......
######......########
#......# #..##..#
#.. #..#


You could see a two-headed ogre and a troll.

Vanquished Creatures
  2 two-headed ogres
  Grinder (Sewer)
  Prince Ribbit (D:6)
  The ghost of reaverb the Ruffian, an amateur TrMo of Nemelex Xobeh (D:3)
  Duvessa (D:7)
  2 ice beasts
  A black bear (D:6)
  3 phantoms
  3 centaurs
  An ogre (D:5)
  2 big kobolds
  4 bullfrogs (D:8)
  A gnoll sergeant (D:8)
  Dowan (D:7)
  2 scorpions
  A howler monkey (D:6)
  A jelly (D:8)
  4 crimson imps
  3 hounds
  2 quasits
  2 bullfrog zombies (D:6)
  An orc priest (D:8)
  4 orc wizards
  A centaur skeleton (D:5)
  2 worker ants (D:4)
  3 big kobold zombies (Sewer)
  A hound skeleton (D:7)
  10 gnolls
  A howler monkey skeleton (D:8)
  13 adders
  6 shadow imps
  2 ufetubi (Sewer)
  An ooze (Sewer)
  An adder skeleton (D:5)
  2 adder zombies (Sewer)
  5 worms
  3 leopard geckos
  19 orcs
  9 bats
  11 giant cockroaches
  9 goblins
  6 hobgoblins
  12 jackals
  3 quokkas
  7 ball pythons
  3 frilled lizards
  A giant cockroach zombie (Sewer)
  20 kobolds
  A leopard gecko skeleton (D:5)
  A leopard gecko zombie (D:6)
  A quokka zombie (D:5)
  5 rats
203 creatures vanquished.

Notes
Turn   | Place    | Note
-------+----------+-------------------------------------------
     0 | D:1      | Faca the Formicid Fighter began the quest for the Orb.
     0 | D:1      | Reached XP level 1. HP: 18/18 MP: 1/1
   110 | D:1      | Reached XP level 2. HP: 24/24 MP: 2/2
   711 | D:1      | Reached XP level 3. HP: 29/30 MP: 3/3
  1258 | D:2      | Reached XP level 4. HP: 12/37 MP: 4/4
  1765 | D:2      | Reached XP level 5. HP: 40/42 MP: 5/5
  2073 | D:3      | Reached skill level 3 in Axes
  2076 | D:3      | Found a sacrificial altar of Ru.
  2099 | D:3      | Found a glowing drain.
  2156 | D:3      | Reached skill level 5 in Shields
  2351 | Sewer    | Entered a sewer
  2480 | Sewer    | Reached XP level 6. HP: 40/48 MP: 6/6
  2703 | Sewer    | Found a burning altar of Makhleb.
  2725 | Sewer    | Noticed Grinder
  2753 | Sewer    | Killed Grinder
  2753 | Sewer    | Reached skill level 4 in Axes
  2753 | Sewer    | Reached XP level 7. HP: 42/55 MP: 7/7
  3307 | Sewer    | Reached skill level 5 in Armour
  3664 | D:3      | Reached skill level 5 in Fighting
  3664 | D:3      | Reached skill level 5 in Axes
  4032 | D:3      | Noticed reaverb's ghost (amateur TrMo)
  4056 | D:3      | Killed reaverb's ghost
  4056 | D:3      | Reached XP level 8. HP: 16/62 MP: 8/8
  4369 | D:3      | Found a deep blue altar of Sif Muna.
  5687 | D:5      | Entered Level 5 of the Dungeon
  5700 | D:5      | Reached skill level 6 in Axes
  6044 | D:5      | Found a runed door.
  6044 | D:5      | Found a glowing silver altar of Zin.
  6044 | D:5      | Noticed an angel
  6134 | D:5      | Found a staircase to the Ecumenical Temple.
  6147 | Temple   | Entered the Ecumenical Temple
  6184 | Temple   | Became a worshipper of Cheibriados the Contemplative
  6456 | D:5      | Found a hazy altar of Hepliaklqana.
  6457 | D:5      | Found a glowing silver altar of Zin.
  6492 | D:5      | Reached XP level 9. HP: 57/69 MP: 9/9
  6553 | D:5      | Found Miamiodil's Weapon Emporium.
  6891 | D:5      | Reached * piety under Cheibriados
  7113 | D:6      | Reached skill level 7 in Axes
  7145 | D:6      | Found a white marble altar of Elyvilon.
  7145 | D:6      | Found a blossoming altar of Fedhas.
  7147 | D:6      | Found a basalt altar of Yredelemnul.
  7171 | D:6      | Noticed Prince Ribbit
  7869 | D:6      | Killed Prince Ribbit
  8196 | D:7      | Noticed Duvessa
  8196 | D:7      | Noticed Dowan
  8212 | D:7      | Killed Duvessa
  8219 | D:7      | Killed Dowan
  8274 | D:7      | Reached skill level 1 in Invocations
  8687 | D:8      | Reached ** piety under Cheibriados
  8716 | D:8      | Reached skill level 8 in Axes
  9051 | D:8      | Reached XP level 10. HP: 60/79 MP: 11/11
  9238 | D:8      | Noticed a two-headed ogre
  9247 | D:8      | Killed a two-headed ogre
  9628 | D:8      | Reached skill level 9 in Axes
  9710 | D:8      | Reached *** piety under Cheibriados
  9787 | D:9      | Noticed a two-headed ogre
  9802 | D:9      | Killed a two-headed ogre
 10005 | D:9      | Noticed a two-headed ogre
 10015 | D:9      | HP: 4/80 [troll (12)]
 10015 | D:9      | Slain by a two-headed ogre

Skill      XL: |  1  2  3  4  5  6  7  8  9 10 |
---------------+-------------------------------+-----
Shields        | 4 5 6 8 |  8.7
Armour         | 4 5 6 7 |  7.9
Axes           | 3 4 5 6 8 9 |  9.2
Fighting       | 4 5 6 7 |  7.7
Invocations    | 2 4 |  4.1
Dodging        | |  0.1

Action                   |  1- 3 |  4- 6 |  7- 9 | 10-12 || total
-------------------------+-------+-------+-------+-------++-------
Melee: War axe           |    60 |   190 |   517 |    61 ||   828
 Fire: Hunting sling     |       |    10 |     5 |     4 ||    19
  Use: Potion            |     1 |     2 |       |     1 ||     4
       Scroll            |       |    11 |    11 |     1 ||    23
  Eat: Chunk             |     1 |     1 |     5 |       ||     7
       Ration            |       |     2 |     3 |     1 ||     6
Armor: Scale mail        |    25 |    81 |   244 |    15 ||   365
       Skin              |       |    11 |       |       ||    11
Dodge: Dodged            |    20 |    53 |   214 |    21 ||   308
Block: Shield            |    32 |   123 |   393 |    61 ||   609
